Unix NetHack Version 5.0.0-0 post-release - last build May 22 2026 02:22:16 (99d1c3b6dc4b13757aaa5824b55bdea4e1e63757,branch:main).

Game began 2026-05-22 20:19:23, ended 2026-05-22 20:29:24.

Ch3Begorrah, chaotic male human Rogue

     ---------------
     |..............#
     |.............|##        ------                                     -----
     |.............+##########.....|                                     |.++|
     |.........{.:.|#        #|....|                                     |.)+|
     |...........@.|          |....|                                     |..*|
     ------------e--          ---|--                                     |/..|
                                 #           -------                     |...|
                                 #           |.....|                     -|---
                                 #       ####.*.....####   ###            #
                                 ### #   #   |.....|   ## ---.-           #
                                 --.-|---#   -------    ##|..^|           #
                                 |.....>|#               #|....#####     ###
                                 |.......#               #-...|   #     -+-.-
                                 |......|                 -----   ######-...|
                                 --------                               |.<.|
                                                                        |...|
                                                                        -----

Ch3Begorrah the Footpad  St:13 Dx:18 Co:15 In:10 Wi:11 Ch:8  Chaotic
Dlvl:4  $:99 HP:0(21) Pw:5(5) AC:7  Xp:2/37 T:1176 

Latest messages:
 $ - 4 gold pieces (99 in total).
 You descend the stairs.
 It's a wall.
 The gnome lord swings his crossbow.
 The gnome lord hits!
 You climb up the stairs.
 The door opens.
 It's solid stone.
 You hear the chime of a cash register.
 It's solid stone.
 You hear a door open.
 You find a hidden door.
 The door opens.
 The newt bites!
 The newt bites!
 You hit the newt.
 The newt bites!
 You hit the newt.
 The newt misses!
 You kill the newt!
 That door is closed.
 It's solid stone.
 You hear the splashing of a naiad.
 Drink from the fountain? [yn] (n) y
 This tepid water is tasteless.
 The door opens.
 You miss the floating eye.
 You hit the floating eye.
 You are frozen by the floating eye's gaze!
 You hear someone counting gold coins.
 The newt bites!
 The newt bites!
 The newt bites!
 The newt bites!
 The newt bites!
 The newt bites!
 The newt bites!
 The newt bites!
 The newt bites!
 The newt bites!
 The newt bites!
 The newt bites!
 The newt bites!
 The newt bites!
 The newt bites!
 The newt bites!
 The newt bites!
 The newt bites!
 You die...
 Do you want your possessions identified? [ynq] (y) q

Inventory:
 Coins    ('$')
  $ - 99 gold pieces
 Weapons  (')')
  b - a +0 dagger
  h - 15 +0 daggers (at the ready)
  A - a +0 silver dagger (weapon in left hand)
 Armor    ('[')
  c - an uncursed +1 leather armor (being worn)
 Comestibles  ('%')
  C - an uncursed food ration
  r - an uncursed fortune cookie
 Scrolls  ('?')
  q - an uncursed scroll of enchant armor named ok
  l - an uncursed scroll of identify named ok
  s - an uncursed scroll of teleportation
 Potions  ('!')
  D - an uncursed potion of enlightenment
  o - an uncursed potion of extra healing
  i - an uncursed potion of invisibility
  t - an uncursed potion of levitation
  d - an uncursed potion of sickness
  k - 2 uncursed potions of speed
 Rings    ('=')
  n - a blessed +1 ring of gain constitution
 Tools    ('(')
  f - an empty uncursed sack
  g - an uncursed blindfold
  e - an uncursed lock pick
 Gems/Stones  ('*')
  u - an uncursed citrine stone

Ch3Begorrah the Rogue's attributes:

Background:
 You were a Footpad, a level 2 male human Rogue.
 You were chaotic, nominally on a mission for Kos
 who was opposed by Issek (lawful) and Mog (neutral).
 You were left-handed.
 You were in the Dungeons of Doom, on level 4.
 You entered the dungeon 1176 turns ago.
 You had 37 experience points, 3 more were needed to attain level 3.

Basics:
 You had 0 out of 21 hit points.
 You had all 5 energy points (spell power).
 Your armor class was 7.
 Your wallet contained 99 zorkmids.
 Autopickup was on for '$!/(' plus thrown, with exceptions.

Final Characteristics:
 Your strength was 13 (limit:18/100).
 Your dexterity was 18 (limit:18).
 Your constitution was 15 (limit:18).
 Your intelligence was 10 (limit:18).
 Your wisdom was 11 (limit:18).
 Your charisma was 8 (limit:18).

Final Status:
 You weren't hungry.
 You were unencumbered.
 You were wielding a dagger.
 You had basic skill with dagger.

Final Attributes:
 You were devoutly aligned.
 You were stealthy.
 You were warded.
 You are dead.

Miscellaneous:
 You didn't encounter any bones levels.
 Total elapsed playing time was 10 minutes.

Major events:
 Turn
    1: Ch3Begorrah the chaotic male human Rogue entered the dungeon
 1052: entered the Gnomish Mines
 1176: killed by a newt, while frozen by a floating eye's gaze

You didn't know any spells.

Skills:
 Fighting Skills
   bare handed combat [Unskilled]
   two weapon combat  [Unskilled]
   riding             [Unskilled]
 Weapon Skills
   dagger             [Basic]
   knife              [Unskilled]
   short sword        [Basic]
   broadsword         [Unskilled]
   long sword         [Unskilled]
   two-handed sword   [Unskilled]
   saber              [Unskilled]
   club               [Unskilled]
   mace               [Unskilled]
   morning star       [Unskilled]
   flail              [Unskilled]
   hammer             [Unskilled]
   polearms           [Unskilled]
   spear              [Unskilled]
   crossbow           [Unskilled]
   dart               [Unskilled]
   shuriken           [Unskilled]
 Spellcasting Skills
   divination spells  [Unskilled]
   escape spells      [Unskilled]
   matter spells      [Unskilled]

Voluntary challenges:
 Character rerolling was not enabled.
 You followed a strict vegan diet.
 You were an atheist.
 You never genocided any monsters.
 You never polymorphed an object.
 You never changed form.
 You used no wishes.
Achievements:
 You entered a shop.
 You entered the Gnomish Mines.

 The Dungeons of Doom: levels 1 to 4
    Level 1:
       A sink.
    Level 2:
    Level 3:
       An altar, some fountains, a sink.
    Level 4: <- You were here.
       A general store, a fountain.
       Stairs down to The Gnomish Mines.
       Final resting place for
          you, killed by a newt, while frozen by a floating eye's gaze.
 The Gnomish Mines:
    Level 5:
 The Tutorial:
    Level 1:


Vanquished creatures:
  a wererat
 an acid blob
  a hobbit
  a gecko
  3 jackals
  a kobold
  a sewer rat
 10 grid bugs
  2 lichens
  6 newts
27 creatures vanquished.

No species were genocided or became extinct.

Game over:
                       ----------
                      /          \
                     /    REST    \
                    /      IN      \
                   /     PEACE      \
                  /                  \
                  |   Ch3Begorrah    |
                  |      99 Au       |
                  | killed by a newt |
                  |                  |
                  |                  |
                  |                  |
                  |       2026       |
                 *|     *  *  *      | *
        _________)/\\_//(\/(/\)/\//\/|_)_______

Goodbye Ch3Begorrah the Rogue...

You died in The Dungeons of Doom on dungeon level 4 with 448 points,
and 99 pieces of gold, after 1176 moves.
You were level 2 with a maximum of 21 hit points when you died.

